 Dungeon Crawl Stone Soup version 0.20.1-1-g8b1a95d (webtiles) character file.

41318 Piramida the Basher (level 13, -11/175 HPs)
             Began as a Minotaur Berserker on Nov 2, 2017.
             Was a High Priest of Trog.
             Killed from afar by a deep elf knight (17 damage)
             ... with a shard of ice
             ... on level 2 of the Orcish Mines.
             The game lasted 01:00:30 (17620 turns).

Piramida the Basher (Minotaur Berserker)           Turns: 17620, Time: 01:00:32

Health: -11/175    AC: 29    Str: 25    XL:     13   Next: 79%
Magic:  12/12      EV:  2    Int:  5    God:    Trog [*****.]
Gold:   1431       SH:  0    Dex: 11    Spells: 12/12 levels left

rFire    . . .     SeeInvis .   N - +6 quarterstaff (chaos)
rCold    . . .     Gourm    .   (shield currently unavailable)
rNeg     + + +     Faith    .   (armour currently unavailable)
rPois    +         Spirit   .   (helmet currently unavailable)
rElec    .         Reflect  .   (cloak currently unavailable)
rCorr    +         Harm     .   (gloves currently unavailable)
MR       ++...     NoTele   +   (boots currently unavailable)
Stlth    ++++......             b - amulet of regeneration
Regen    1.8/turn               I - ring of resist corrosion
MPRegen  0.2/turn               M - +3 ring of protection

@: tree-form, regenerating
A: (retaliatory headbutt)
a: Berserk, Trog's Hand, Brothers in Arms, Burn Spellbooks, Renounce Religion


You were on level 2 of the Orcish Mines.
You worshipped Trog.
Trog was extremely pleased with you.
You were not hungry.
You were a tree.
You visited 3 branches of the dungeon, and saw 16 of its levels.

You collected 1551 gold pieces.
You spent 120 gold pieces at shops.

Inventory:

Hand Weapons
 p - a +2 antimagic morningstar
 N - a +6 quarterstaff of chaos (weapon)
 R - the +5 dire flail "Dyfobawn" {venom, rElec rPois}
   (Trog gifted it to you on level 11 of the Dungeon)

   It poisons the flesh of those it strikes.
   It insulates you from electricity.
   It protects you from poison.
Missiles
 m - 408 stones (quivered)
Armour
 v - a +0 large shield
 D - a +2 plate armour of magic resistance (melded)
 O - a +0 cloak (melded)
 S - the -1 pair of gloves of the Eight of Pentacles {rN+ Int+4}
   (You found it on level 10 of the Dungeon)

   It affects your intelligence (+4).
   It protects you from negative energy.
 V - a +2 pair of gloves (melded)
Jewellery
 b - an amulet of regeneration (around neck)
 I - a ring of resist corrosion (left branch)
 M - a +3 ring of protection (right branch)
Wands
 l - a wand of confusion (33/48)
 A - a wand of disintegration (8/24)
 H - a wand of random effects (22/48)
Scrolls
 g - a scroll of recharging
 i - 2 scrolls of identify
 j - 3 scrolls of remove curse
 n - a scroll of immolation {unknown}
 u - a scroll of fear {unknown}
 w - 2 scrolls of magic mapping
 y - 2 scrolls of fog {unknown}
 C - 7 scrolls of teleportation
 F - 3 scrolls of amnesia {unknown}
 G - 2 scrolls of blinking {unknown}
Potions
 a - 2 potions of lignification
 d - a potion of invisibility {unknown}
 k - a potion of degeneration {unknown}
 o - a potion of resistance
 q - a potion of haste {unknown}
 r - 4 potions of flight
 s - a potion of berserk rage {unknown}
 t - 3 potions of curing
 x - a potion of cancellation {unknown}
 z - 2 potions of agility {unknown}
 B - 2 potions of might {unknown}
 E - a potion of ambrosia {unknown}
 K - 3 potions of mutation
 P - a potion of brilliance {unknown}
Comestibles
 c - 13 bread rations
 f - 16 fruits
 h - a meat ration


   Skills:
 + Level 11.9 Fighting
 - Level 14.0(15.3) Maces & Flails
 - Level 11.2(14.0) Staves
 + Level 11.5 Armour
 + Level 10.6 Dodging
 + Level 8.8 Stealth


You had 12 spell levels left.
You didn't know any spells.

Dungeon Overview and Level Annotations

Branches:
Dungeon (12/15)            Temple (0/1) D:4            Lair (0/6) D:10
    Orc (2/2) D:11            Elf (2/3) Orc:2

Altars:
Fedhas
Hepliaklqana
Makhleb
Nemelex Xobeh
Qazlal
Uskayaw
Xom
Zin
The Shining One
Beogh

Shops:
D:10 *   Orc:2 ([:*


Innate Abilities, Weirdness & Mutations

((You reflexively headbutt those who attack you in melee.))
((You have a pair of horns on your head.))


Message History

You completely miss something. Something hits you but does no damage.
You hit something. You miss something. Something hits you!
* * * LOW HITPOINT WARNING * * *
You hit something. You freeze something. Something hits you!
* * * LOW HITPOINT WARNING * * *
You completely miss something.
You hear some strange, mumbled words.
A shard of ice appears from out of thin air!
Helpless, you fail to dodge the shard of ice.
* * * LOW HITPOINT WARNING * * *
Your two-headed ogre goes berserk!
You feel somewhat more hungry.
Something hits you but does no damage. x2
Your skin crawls.
You feel resistant to hostile enchantments.
You feel somewhat more hungry.
You hear some strange, mumbled words.
A shard of ice appears from out of thin air!
Helpless, you fail to dodge the shard of ice.
You die...

### ##.## #...# ###.###
###### ##.....####.##.## #
#....#.#.O.♣{...# ##
##.#......#<##.## .##
###.......##### ..##
######.[...).#
...###.##......).####
...##...#......[.##.##
....#.......#.....#..####
............#........##.##
...........##........#.<.#


You could see a friendly two-headed ogre (berserk).

Vanquished Creatures
  2 orc warlords
  A deep elf demonologist (Elf:1)
  The ghost of keltmir the Transmogrifier, a journeyman DrTm of Makhleb (D:9)
  A dancing weapon (Elf:1)
  The ghost of Frank the Carver, a journeyman OpFi (D:11)
  3 death yaks
  2 two-headed ogres
  The ghost of Anon1729 the Arsonist, a journeyman OpFE of Sif Muna (D:10)
  3 orc high priests (Orc:2)
  4 deep elf knights (Elf:1)
  A deep elf archer (Elf:1)
  5 orc knights
  4 orc sorcerers (Orc:2)
  12 deep elf magi (Elf:1)
  A cyclops (Orc:1)
  Joseph (D:7)
  A gargoyle (D:11)
  3 meliai (D:11)
  7 trolls
  A jumping spider (Elf:1)
  2 hornets
  An air elemental (Elf:1)
  A spriggan (D:7)
  A redback (shapeshifter) (Elf:1)
  19 yaks
  2 wyverns
  A fire elemental (Elf:1)
  2 hungry ghosts
  5 wargs
  Menkaure (D:7)
  A soldier ant (shapeshifter) (D:8)
  An acid dragon (D:11)
  A water moccasin (D:9)
  38 orc warriors
  2 ice beasts
  An eye of draining (D:10)
  5 phantoms
  A necrophage (D:10)
  2 sky beasts
  A boggart (shapeshifter) (D:11)
  8 ogres
  A crocodile (D:11)
  12 centaurs
  3 gnoll sergeants
  6 bullfrogs
  An earth elemental (Elf:1)
  A scorpion (D:6)
  A killer bee (D:11)
  A killer bee (shapeshifter) (Elf:1)
  10 wights
  The ghost of letownia2 the Grave Robber, a weakling DDNe (D:4)
  7 crimson imps
  3 centaur zombies
  A jelly (D:9)
  2 quasits
  2 hounds
  15 orc priests
  19 orc wizards
  Crazy Yiuf (D:7)
  A centaur skeleton (D:11)
  4 iguanas
  Ijyb (D:3)
  Terence (D:3)
  8 worker ants
  A hound zombie (D:6)
  2 howler monkey zombies
  15 gnolls
  3 howler monkey skeletons (D:6)
  4 adders
  4 shadow imps
  3 oozes
  An adder skeleton (D:4)
  A dart slug (D:4)
  4 worms
  5 leopard geckos
  53 orcs
  7 bats
  3 giant cockroaches
  6 goblins
  9 hobgoblins
  8 jackals
  3 quokkas
  A ball python (D:3)
  4 frilled lizards
  6 kobolds
  2 quokka zombies
  4 rats
  A plant (D:3)
403 creatures vanquished.

Vanquished Creatures (collateral kills)
  A deep elf demonologist (Elf:1)
1 creature vanquished.

Vanquished Creatures (others)
  A deep elf mage (Elf:1)
  4 fungi (Orc:2)
5 creatures vanquished.

Grand Total: 409 creatures vanquished

Notes
Turn   | Place    | Note
-------+----------+-------------------------------------------
     0 | D:1      | Piramida the Minotaur Berserker began the quest for the Orb.
     0 | D:1      | Reached XP level 1. HP: 19/19 MP: 0/0
    87 | D:1      | Reached skill level 4 in Maces & Flails
    87 | D:1      | Reached XP level 2. HP: 24/27 MP: 1/1
   246 | D:1      | Reached ** piety under Trog
   246 | D:1      | Reached XP level 3. HP: 22/33 MP: 2/2
   988 | D:3      | Found a hazy altar of Hepliaklqana.
  1017 | D:2      | Found a shimmering altar of Xom.
  1081 | D:2      | Reached skill level 5 in Maces & Flails
  1316 | D:4      | Noticed an ogre
  1316 | D:4      | Noticed letownia2's ghost (weakling DDNe)
  1439 | D:3      | Noticed Terence
  1444 | D:3      | Killed Terence
  1444 | D:3      | Reached skill level 1 in Stealth
  1444 | D:3      | Reached XP level 4. HP: 40/40 MP: 3/3
  1665 | D:3      | Found a faded altar of an unknown god.
  1793 | D:3      | Noticed Ijyb
  1801 | D:3      | Killed Ijyb
  1801 | D:3      | Reached skill level 6 in Maces & Flails
  1879 | D:4      | Reached XP level 5. HP: 46/46 MP: 4/4
  1882 | D:4      | Killed an ogre
  1882 | D:4      | Reached skill level 7 in Maces & Flails
  2033 | D:5      | Entered Level 5 of the Dungeon
  2042 | D:5      | Noticed an orc warrior
  2076 | D:4      | Killed letownia2's ghost
  2076 | D:4      | Reached XP level 6. HP: 41/52 MP: 5/5
  2126 | D:4      | Reached *** piety under Trog
  2126 | D:4      | Reached skill level 8 in Maces & Flails
  2217 | D:4      | Found a staircase to the Ecumenical Temple.
  2300 | D:4      | Reached skill level 9 in Maces & Flails
  2449 | D:4      | Reached XP level 7. HP: 55/58 MP: 6/6
  2480 | D:4      | Found a sparkling altar of Nemelex Xobeh.
  2482 | D:4      | Found a glowing silver altar of Zin.
  2943 | D:4      | Reached skill level 10 in Maces & Flails
  3461 | D:5      | Found a stormy altar of Qazlal.
  3461 | D:5      | Found a blossoming altar of Fedhas.
  3824 | D:5      | Found a hide-covered altar of Uskayaw.
  4065 | D:5      | Found a glowing golden altar of the Shining One.
  4065 | D:5      | Found a burning altar of Makhleb.
  4130 | D:6      | Reached skill level 11 in Maces & Flails
  4158 | D:6      | Noticed a two-headed ogre
  4169 | D:6      | Killed a two-headed ogre
  4169 | D:6      | Reached skill level 12 in Maces & Flails
  4169 | D:6      | Reached XP level 8. HP: 66/66 MP: 7/7
  4218 | D:6      | Reached skill level 13 in Maces & Flails
  4426 | D:6      | Reached XP level 9. HP: 70/71 MP: 8/8
  4814 | D:6      | Reached skill level 14 in Maces & Flails
  4871 | D:7      | Noticed Menkaure
  4880 | D:7      | Killed Menkaure
  5032 | D:7      | Noticed Joseph
  5050 | D:7      | Killed Joseph
  5050 | D:7      | Reached skill level 5 in Fighting
  5392 | D:7      | Found a runed door.
  5396 | D:7      | Noticed Crazy Yiuf
  5401 | D:7      | Killed Crazy Yiuf
  5401 | D:7      | Reached **** piety under Trog
  5604 | D:8      | Reached skill level 1 in Staves
  6287 | D:8      | Got a crystal falchion
  6288 | D:8      | Identified the +6 falchion "Fipliakk" {freeze, rElec} (You found it on level 8 of the Dungeon)
  6681 | D:10     | Entered Level 10 of the Dungeon
  6808 | D:9      | Reached skill level 5 in Armour
  6856 | D:9      | Noticed keltmir's ghost (journeyman DrTm)
  6869 | D:9      | Killed keltmir's ghost
  6869 | D:9      | Reached XP level 10. HP: 84/84 MP: 9/9
  6924 | D:9      | Reached skill level 5 in Dodging
  7543 | D:9      | Reached skill level 5 in Staves
  8009 | D:10     | Noticed Anon1729's ghost (journeyman OpFE)
  8019 | D:10     | Killed Anon1729's ghost
  8025 | D:10     | Reached XP level 11. HP: 86/92 MP: 10/10
  8029 | D:10     | Noticed a death yak
  8063 | D:10     | Killed a death yak
  8079 | D:10     | Noticed a death yak
  8079 | D:10     | Noticed a death yak
  8227 | D:8      | Killed a death yak
  8532 | D:8      | Killed a death yak
  8624 | D:10     | Reached skill level 10 in Staves
  8660 | D:10     | Reached ***** piety under Trog
  8717 | D:11     | Noticed Frank's ghost (journeyman OpFi)
  8786 | D:10     | Got a pair of jewelled gloves
  8792 | D:10     | Identified the cursed -1 pair of gloves of the Eight of Pentacles {rN+ Int+4} (You found it on level 10 of the Dungeon)
  8804 | D:10     | Found a staircase to the Lair.
  8882 | D:10     | Noticed a two-headed ogre
  8887 | D:10     | Killed a two-headed ogre
  9165 | D:10     | Found Ptoil's Practical Paraphernalia.
  9172 | D:10     | Reached skill level 5 in Stealth
  9254 | D:11     | Killed Frank's ghost
  9906 | D:11     | Received a gift from Trog
  9917 | D:11     | Got a faintly glowing dire flail {god gift}
  9928 | D:11     | Identified the +5 dire flail "Dyfobawn" {venom, rElec rPois} (Trog gifted it to you on level 11 of the Dungeon)
  9977 | D:11     | Found a staircase to the Orcish Mines.
 10049 | D:11     | Found a roughly hewn altar of Beogh.
 10132 | D:11     | Reached XP level 12. HP: 103/103 MP: 11/11
 10728 | Orc:1    | Entered Level 1 of the Orcish Mines
 11208 | Orc:2    | Entered Level 2 of the Orcish Mines
 11228 | Orc:2    | Found a staircase to the Elven Halls.
 11231 | Orc:1    | Noticed an orc warlord
 11538 | D:11     | Killed an orc warlord
 12179 | Orc:2    | Found Ygel Xyb Quf's Book Shop.
 12686 | Orc:2    | Reached skill level 10 in Fighting
 12925 | Orc:2    | Received a gift from Trog
 12975 | Orc:2    | Noticed an orc high priest
 12982 | Orc:2    | Killed an orc high priest
 13279 | Orc:2    | Found Rexzepredwu's Antique Armour Boutique.
 13457 | Orc:2    | Noticed an orc warlord
 13497 | Orc:2    | Reached skill level 10 in Armour
 13497 | Orc:2    | Reached XP level 13. HP: 100/114 MP: 12/12
 13528 | Orc:1    | Killed an orc warlord
 13663 | Orc:2    | Found Humnaesu's General Store.
 14163 | Orc:2    | Bought a scroll of identify for 24 gold pieces
 14163 | Orc:2    | Bought a scroll of remove curse for 36 gold pieces
 14163 | Orc:2    | Bought a scroll of identify for 24 gold pieces
 14163 | Orc:2    | Bought a scroll of remove curse for 36 gold pieces
 14311 | Orc:2    | Found Esoenn's Antique Weapon Shop.
 14689 | Elf:1    | Entered Level 1 of the Elven Halls
 15773 | Elf:1    | Reached ****** piety under Trog
 16271 | Elf:1    | Reached skill level 10 in Dodging
 16500 | Elf:1    | Received a gift from Trog
 16563 | Elf:1    | Noticed a deep elf demonologist
 16580 | Elf:1    | Killed a deep elf demonologist
 17478 | Elf:1    | Noticed a deep elf demonologist
 17519 | Elf:1    | Noticed a Hell Sentinel
 17520 | Elf:1    | HP: 2/117 [deep elf knight/orb of energy (4)]
 17525 | Elf:1    | Killed a deep elf demonologist
 17618 | Orc:2    | HP: 3/175 [something/shard of ice (21)]
 17620 | Orc:2    | Killed from afar by a deep elf knight

Skill      XL: |  1  2  3  4  5  6  7  8  9 10 11 12 13 |
---------------+----------------------------------------+-----
Maces & Flails | 4 5 6 7 9 12 13 14 | 14.0
Stealth        | 1 3 4 5 7 8 |  8.8
Fighting       | 6 7 8 10 11 | 11.9
Armour         | 5 6 7 10 11 | 11.5
Dodging        | 4 6 7 9 10 | 10.6
Staves         | 2 6 11 | 11.2

Action                   |  1- 3 |  4- 6 |  7- 9 | 10-12 | 13-15 || total
-------------------------+-------+-------+-------+-------+-------++-------
Melee: Mace              |    98 |    93 |   139 |       |       ||   330
       Headbutt          |    13 |    23 |    38 |   140 |    41 ||   255
       Whip              |       |       |    57 |       |       ||    57
       Quarterstaff      |       |       |    38 |   610 |   253 ||   901
Invok: Berserk           |     2 |     3 |     8 |    17 |     5 ||    35
       Burn Spellbooks   |       |       |     1 |     2 |     1 ||     4
       Trog's Hand       |       |       |       |       |     2 ||     2
       Brothers in Arms  |       |       |       |       |     2 ||     2
  Use: Scroll            |       |     2 |     5 |     7 |     5 ||    19
       Potion            |       |       |       |     1 |     5 ||     6
 Stab: Sleeping          |     1 |       |       |       |       ||     1
       Confused          |       |       |       |     2 |     3 ||     5
       Petrifying        |       |       |       |     2 |       ||     2
       Paralysed         |       |       |       |     1 |       ||     1
  Eat: Chunk             |     2 |     8 |    12 |    20 |     6 ||    48
       Royal jelly       |       |       |     1 |       |       ||     1
       Meat ration       |       |       |     1 |     4 |     3 ||     8
       Bread ration      |       |       |     1 |       |       ||     1
Armor: Animal skin       |    18 |       |       |       |       ||    18
       Ring mail         |    18 |       |       |       |       ||    18
       Chain mail        |       |    36 |   104 |   170 |       ||   310
       Skin              |       |       |       |     2 |     5 ||     7
       Plate armour      |       |       |       |   108 |   125 ||   233
Dodge: Dodged            |    70 |    31 |    92 |   237 |    93 ||   523
